 Dungeon Crawl Stone Soup version 0.28-a0-883-gc8d7bad45d (webtiles) character file.

Game seed: 1444108509224393558

2 BlueFish the Sneak (level 1, -12/17 HPs)
             Began as a Vampire Delver on Nov 22, 2021.
             Mangled by an ogre (20 damage)
             ... on level 5 of the Dungeon.
             The game lasted 00:00:47 (67 turns).

BlueFish the Sneak (Vampire Delver)                   Turns: 67, Time: 00:00:48

Health: -12/17     AC:  3    Str: 11    XL:     1   Next: 25%
Magic:  1/1        EV: 12    Int: 12    God:
Gold:   0          SH:  0    Dex: 15    Spells: 0/0 levels left

rFire   . . .      SeeInvis +   a - +0 short sword
rCold   . . .      Faith    .   (no shield)
rNeg    . . .      Spirit   .   b - +0 leather armour
rPois   .          Reflect  .   (no helmet)
rElec   .          Harm     .   (no cloak)
rCorr   .          Rampage  .   (no gloves)
Will    .....                   (no boots)
Stlth   +++.......              (no amulet)
HPRegen 0.25/turn               (no ring)
MPRegen 0.07/turn               (no ring)

@: marked, healing quickly
A: alive, fangs 3, see invisible, vampiric 1
a: Exsanguinate


You were on level 5 of the Dungeon.
You visited 1 branch of the dungeon, and saw 1 of its levels.

Inventory:

Hand Weapons
 a - a +0 short sword (weapon)
Armour
 b - a +0 leather armour (worn)
Wands
 g - a wand of digging (3)
Scrolls
 c - a scroll of fog
 d - a scroll of magic mapping
Potions
 f - a potion of haste


   Skills:
 + Level 2.7 Fighting
 + Level 2.2 Short Blades
 + Level 0.0 Armour
 + Level 2.2 Dodging
 + Level 7.2 Stealth
 + Level 0.1 Spellcasting
 + Level 0.0 Evocations


You couldn't memorise any spells.
You didn't know any spells.
Your spell library was empty.

Dungeon Overview and Level Annotations

Branches:
Dungeon (5/15)
 Temple: D:4-7

Altars:


Innate Abilities, Weirdness & Mutations

Your natural rate of healing is accelerated.
You have razor-sharp teeth.
You have supernaturally acute eyesight. (SInv)
You are afflicted with vampirism.


Message History

An orc priest comes into view. It is wielding a +0 short sword.
The orc hits you with a +0 club.
The orc priest moves out of view.
You hit the orc.
The orc is heavily wounded.
The orc hits you but does no damage.
The orc priest looks satisfied for a moment.
You closely miss the orc.
The orc is heavily wounded.
The orc completely misses you.
You barely miss the orc. You bite the orc.
The orc is almost dead.
The orc misses you.
You hit the orc.
You kill the orc!
Things that are here:
a +0 club; a +0 leather armour; an orc corpse
Found a stone staircase leading down.
The orc priest casts a cantrip, but nothing happens.
An orc comes into view. It is wielding a +0 whip.
The orc pulls the alarm!
The alarm trap emits a blaring wail!
A sentinel's mark forms upon you.
You hear a shout! x6; You hear a croak.
An orc comes into view.
It is wielding a +0 mace and quivering silver boomerangs.
Found a book of Armaments.
The orc priest mumbles some strange prayers to Beogh against you.
Pain shoots through your body!
Ouch! That really hurt!
* * * LOW HITPOINT WARNING * * *
There is a stone staircase leading down here.
As you read the scroll of fear, it crumbles to dust.
You assume a fearsome visage.
The orc looks frightened!
The orc priest looks frightened!
The orc looks frightened!
The orc priest looks frightened!
The orc looks frightened!
The orc looks rattled.
An ogre comes into view. It is wielding a +0 giant club.
Found 16 stones.
The ogre hits you with a +0 giant club!!
Ouch! That really hurt!
You die...

## ###. ... ##.# #.
##..### ##..
###.@...##....
##....O.........
#.........(.....
......#.............
#......
#..##.........
#.....##..#
#.........
#....#....#
#........# ###
##........#
#......##
#.###.........#
#.....##


You could see an ogre.

Vanquished Creatures
  An orc (D:5)
1 creature vanquished.

Notes
Turn   | Place    | Note
-------+----------+-------------------------------------------
     0 | D:5      | BlueFish the Vampire Delver began the quest for the Orb.
     0 | D:5      | Reached XP level 1. HP: 17/17 MP: 1/1
    26 | D:5      | Noticed an orc priest
    32 | D:5      | Noticed an orc priest
    57 | D:5      | Noticed an ogre
    67 | D:5      | Mangled by an ogre

Illustrated notes

Levels and vault maps discovered:
D:5:      layout_layer_cave, serial_shops, nicolae_shop_window_shopping,
          dk_rats_in_the_wall, uniq_prince_ribbit1

Action                   || total
-------------------------++-------
Melee: Short sword       ||     4
       Bite              ||     1
  Use: Scroll            ||     1
Armor: Leather armour    ||     1
Dodge: Dodged            ||     2

Table legend: (Time is in decaauts)
 A = Elapsed time spent in this place.
 B = Non-inter-level travel time spent in this place.
 C = Inter-level travel time spent in this place.
 D = Time resting spent in this place.
 E = Time spent auto-exploring this place.
 F = Levels seen in this place.
 G = Mean time per level.
                   A        B        C        D        E       F      G
               +--------+--------+--------+--------+--------+-----+--------+
         Total |     67 |     67 |      0 |      3 |      5 |   1 |   67.0 |
       Dungeon |     67 |     67 |      0 |      3 |      5 |   1 |   67.0 |
               +--------+--------+--------+--------+--------+-----+--------+

Top non-repeatable levels by time:
     D:5: 67 daAuts
